 Dungeon Crawl Stone Soup version 0.31-a0-277-g31ea1f65cc (webtiles) character file.

Game seed: 1329956425899070431

3051 mopl the Martial Artist (level 9, -4/54 HPs)
             Began as an Octopode Shapeshifter on July 15, 2023.
             Was a Believer of Wu Jian.
             Slain by a gnoll
             ... wielding a +0 flail
             ... led by a gnoll bouda
              (12 damage)
             ... on level 9 of the Dungeon.
             The game lasted 00:09:42 (6534 turns).

mopl the Martial Artist (Octopode Shapeshifter)     Turns: 6534, Time: 00:09:43

Health: -4/54      AC:  1    Str: 15    XL:     9   Next: 87%
Magic:  0/18       EV: 17    Int: 10    God:    Wu Jian [**....]
Gold:   179        SH:  0    Dex: 22    Spells: 8/8 levels left

rFire   . .          .
                       - Unarmed
rCold   . . .        (no shield)
rNeg    . . .        (helmet currently unavailable)
rPois   .            r - amulet of guardian spirit
rElec   .            k - ring of magical power
rCorr   .            B - +6 ring of dexterity
SInv    .            (no ring)
Will    .....        (no ring)
Stlth   +++          (no ring)
HPRegen 0.29/turn    (no ring)
MPRegen 0.16/turn    (no ring)
                     (no ring)

%: guardian spirit
@: beast-form, weakened, spiked, hasted, very quick
A: beast (slay +5), almost no armour, amphibious, 8 rings, camouflage 1,
gelatinous body 1, (nimble swimmer 1), tentacles, frail 1
a: Begin Untransformation, Renounce Religion, Wall Jump


You were on level 9 of the Dungeon.
You worshipped Wu Jian.
Wu Jian was pleased with you.
You were a hulking beast.
You visited 2 branches of the dungeon, and saw 10 of its levels.

You collected 333 gold pieces.
You spent 154 gold pieces at shops.

Inventory:

Hand Weapons
 v - a +0 spear of venom
Missiles
 q - 4 javelins
 C - 2 boomerangs
 D - 4 poisoned darts
Jewellery
 k - a ring of magical power (left tentacle)
 l - a ring of ice
 r - an amulet of guardian spirit (around mantle)
 B - a +6 ring of dexterity (right tentacle)
Talismans
 b - a beast talisman
Wands
 u - a wand of acid (18)
Scrolls
 f - 4 scrolls of teleportation
 g - 6 scrolls of identify {unknown}
 h - a scroll of vulnerability {unknown}
 n - a scroll of fear {unknown}
 o - a scroll of enchant armour {unknown}
 p - a scroll of blinking {unknown}
 t - a scroll of torment {unknown}
 x - a scroll of butterflies {unknown}
 y - a scroll of amnesia {unknown}
 A - 2 scrolls of enchant weapon {unknown}
Potions
 a - 2 potions of lignification {!q}
 c - a potion of cancellation {unknown}
 d - a potion of mutation {unknown}
 e - 3 potions of curing
 i - a potion of magic {unknown}
 j - a potion of invisibility {unknown}
 m - 2 potions of might {unknown}
 s - 2 potions of haste
 w - 3 potions of brilliance
 z - a potion of heal wounds {unknown}


   Skills:
 + Level 5.6 Fighting
 + Level 5.7 Dodging
 * Level 8.1 Unarmed Combat
 * Level 7.2 Shapeshifting


You had 8 spell levels left.
You didn't know any spells.
Your spell library contained the following spells:

 Spells                   Type           Power      Damage    Failure   Level
 Kiss of Death            Conj/Necr      0%         2d5       36%         1
 Ensorcelled Hibernation  Hex/Ice        0%         N/A       50%         2
 Sublimation of Blood     Necr           0%         N/A       50%         2
 Wereblood                Tmut           0%         N/A       50%         2
 Confusing Touch          Hex            0%         N/A       75%         3
 Dazzling Flash           Conj/Hex       0%         N/A       75%         3
 Volatile Blastmotes      Fire/Tloc      0%         2d10      75%         3
 Anguish                  Hex/Necr       0%         N/A       98%         4
 Dispel Undead            Necr           0%         3d6       98%         4
 Starburst                Conj/Fire      0%         6d3       100%        6
 Summon Hydra             Summ           0%         N/A       100%        7
 Maxwell's Capacitive Co  Air            0%         ∞         100%        8


Dungeon Overview and Level Annotations

Branches:
Dungeon (9/15)             Temple (1/1) D:4
   Lair: D:8-11         Orc: D:9-12

Altars:
Ashenzari
Cheibriados
Dithmenos
Elyvilon
Fedhas
Gozag
Hepliaklqana
Kikubaaqudgha
Makhleb
Nemelex Xobeh
Okawaru
Qazlal
Ru
Sif Muna
Trog
Uskayaw
Vehumet
Wu Jian
Xom
Yredelemnul
Zin
The Shining One

Shops:
D:3 !

Annotations:
D:8 Erica


Innate Abilities, Weirdness & Mutations

You are a hulking beast.
Your limbs bulge with bestial killing power. (Slay +5)
You cannot wear most types of armour.
You are amphibious.
You can wear up to eight rings at the same time.
Your skin changes colour to match your surroundings (Stealth+).
Your rubbery body absorbs attacks. (AC +1, EV +1)
((You are camouflaged when in or above water. (Stealth+)))
You have tentacles for arms and can constrict up to eight enemies at once.
You are frail. (-10% HP)


Message History

The neqoxec is almost dead.
You constrict the neqoxec.
You kill the neqoxec!
The Council accepts your kill. The gnoll completely misses you.
The gnoll barely misses you.
The gnoll bouda gazes fiercely through you!
You feel as though you will be weak longer.
The red devil barely misses you.
You tentacle-slap the gnoll. Your grab misses the gnoll.
You squeeze the gnoll, but do no damage.
The gnoll is lightly wounded.
The gnoll misses you. The gnoll hits you with a +0 club. The gnoll misses you.
The red devil hits you from afar with a +0 trident!
Barbed spikes become lodged in your body.
Unknown command.
You bludgeon the gnoll! You grab the gnoll.
The gnoll is severely wounded.
You constrict the gnoll. The gnoll misses you. x2
The gnoll hits you with a +0 club! The red devil closely misses you.
Unknown command.
You tentacle-slap the gnoll.
You kill the gnoll!
The Council accepts your kill. The gnoll closely misses you.
The gnoll bouda calls upon its god to heal the gnoll.
The gnoll is healed somewhat.
The red devil closely misses you.
Unknown command.
You barely miss the gnoll. You grab the gnoll.
The gnoll is heavily wounded.
You constrict the gnoll. The gnoll closely misses you.
The gnoll hits you from afar with a +0 spear.
The gnoll bouda gazes fiercely through you!
You feel as though you will be weak longer.
The red devil hits you from afar with a +0 trident!
* * * LOW HITPOINT WARNING * * *
Barbed spikes become lodged in your body.
The gnoll barely misses you.
It was a potion of haste.
You feel yourself speed up.
You constrict the gnoll. The gnoll hits you with a +0 flail!
You die...

###.##.##
#####.###
#.......#.# #.##
#.#.......#####...
#.####..###.....#
# #....# .....## #
#.##.# .......
#.##.##.# .g...#
#.......###gg...#
####......hg#
#..#####.#
#..#####4#
#.......54
##)###P.... #.#
~≈.. #....~~~~~~#
#####.~~~~.. ~~


You could see a rust devil, a red devil, a gnoll bouda, a quasit and 3 gnolls.

Vanquished Creatures
  A hornet (D:7)
  Sigmund (D:2)
  A shadow (D:9)
  Eustachio (D:5)
  A neqoxec (D:9)
  A steam dragon (D:4)
  2 sky beasts (D:7)
  A black bear (D:4)
  An ogre (D:5)
  2 centaurs (D:6)
  A phantom (D:4)
  2 bullfrogs
  A scorpion (shapeshifter) (D:9)
  A wight (D:9)
  5 killer bees
  3 howler monkeys
  2 jellies
  3 orc priests
  8 hounds
  Crazy Yiuf (D:2)
  2 iguanas
  Terence (D:2)
  Jessica (D:2)
  7 orc wizards
  12 gnolls
  3 adders
  A shadow imp (D:6)
  A white imp (D:6)
  2 ufetubi
  3 worms
  A dart slug (D:4)
  27 orcs
  7 ball pythons
  3 endoplasms
  5 giant cockroaches
  7 goblins
  11 hobgoblins
  6 jackals
  11 kobolds
  2 quokkas (D:1)
  5 bats
  6 frilled lizards
  12 rats
175 creatures vanquished.

Notes
Turn   | Place    | Note
-------+----------+-------------------------------------------
     0 | D:1      | mopl the Octopode Shapeshifter began the quest for the Orb.
     0 | D:1      | Reached XP level 1. HP: 14/14 MP: 1/1
   118 | D:1      | Reached XP level 2. HP: 11/19 MP: 2/2
   375 | D:1      | Reached XP level 3. HP: 22/24 MP: 3/3
  1218 | D:2      | Noticed Jessica
  1224 | D:2      | Killed Jessica
  1225 | D:2      | Reached skill level 3 in Unarmed Combat
  1225 | D:2      | Reached XP level 4. HP: 30/30 MP: 4/4
  1304 | D:2      | Noticed Terence
  1312 | D:2      | Killed Terence
  1649 | D:2      | Reached XP level 5. HP: 35/35 MP: 5/5
  1688 | D:2      | Noticed Sigmund
  1695 | D:2      | Killed Sigmund
  1696 | D:2      | Reached skill level 3 in Fighting
  1696 | D:2      | Reached skill level 3 in Dodging
  1696 | D:2      | Reached skill level 4 in Unarmed Combat
  1696 | D:2      | Reached skill level 4 in Shapeshifting
  1696 | D:2      | Reached XP level 6. HP: 25/42 MP: 6/6
  1745 | D:2      | Found a runed translucent door.
  1746 | D:2      | Noticed Crazy Yiuf
  1831 | D:2      | Killed Crazy Yiuf
  2209 | D:3      | Found Dikeeze's Distillery.
  2227 | D:3      | Bought a potion of curing for 42 gold pieces
  2227 | D:3      | Bought a potion of degeneration for 14 gold pieces
  2580 | D:4      | Reached XP level 7. HP: 45/46 MP: 7/7
  2658 | D:4      | Found a staircase to the Ecumenical Temple.
  2701 | Temple   | Entered the Ecumenical Temple
  2794 | Temple   | Became a worshipper of the Wu Jian Council
  3071 | D:4      | Noticed a steam dragon
  3077 | D:4      | Killed a steam dragon
  3078 | D:4      | Reached skill level 5 in Unarmed Combat
  3078 | D:4      | Reached skill level 5 in Shapeshifting
  3136 | D:4      | Reached skill level 4 in Dodging
  3214 | D:4      | Reached XP level 8. HP: 54/54 MP: 8/8
  3484 | D:3      | Bought a potion of attraction for 42 gold pieces
  3484 | D:3      | Bought a potion of brilliance for 56 gold pieces
  3508 | D:5      | Entered Level 5 of the Dungeon
  3770 | D:4      | Reached skill level 4 in Fighting
  3930 | D:5      | Reached * piety under Wu Jian
  4177 | D:5      | Found a large runed translucent door.
  4177 | D:5      | Found a large runed translucent door.
  4215 | D:5      | Reached skill level 6 in Unarmed Combat
  4294 | D:5      | Found a glowing silver altar of Zin.
  4326 | D:5      | Noticed Eustachio
  4332 | D:5      | Killed Eustachio
  4559 | D:5      | Found a white marble altar of Elyvilon.
  4569 | D:5      | Found a hide-covered altar of Uskayaw.
  4692 | D:6      | Reached skill level 6 in Shapeshifting
  4882 | D:6      | Reached XP level 9. HP: 38/59 MP: 9/9
  4935 | D:6      | Reached skill level 5 in Dodging
  4940 | D:6      | Reached skill level 7 in Unarmed Combat
  5457 | D:7      | Reached skill level 5 in Fighting
  5819 | D:7      | Found a hazy altar of Hepliaklqana.
  5820 | D:7      | Found a burning altar of Makhleb.
  5859 | D:7      | Noticed a hornet
  5865 | D:7      | Killed a hornet
  6056 | D:7      | Reached ** piety under Wu Jian
  6265 | D:8      | Noticed Erica
  6281 | D:8      | Noticed a troll
  6285 | D:8      | Reached skill level 7 in Shapeshifting
  6443 | D:9      | Noticed an ice devil
  6443 | D:9      | Noticed a smoke demon
  6443 | D:9      | Noticed an orange demon
  6475 | D:9      | Noticed a kobold demonologist
  6511 | D:9      | Reached skill level 8 in Unarmed Combat
  6522 | D:9      | Noticed a red devil
  6525 | D:9      | Gained mutation: You are frail. (-10% HP) [a neqoxec]
  6526 | D:9      | Noticed a rust devil
  6534 | D:9      | Slain by a gnoll

Illustrated notes

Levels and vault maps discovered:
D:1:      lightli_arrival_lavapool, layout_basic
D:2:      layout_loops_corners, uniq_crazy_yiuf_cottage, uniq_terence,
          uniq_jessica, uniq_sigmund
D:3:      layout_rooms, serial_shops, shop, wad_floor_pattern_untrapped
D:4:      layout_basic, minmay_temple_entry_junction, serial_glass,
          glass_columns_a, glass_columns_a, glass_columns_a, glass_columns_b,
          item_on_display_a, minmay_misc_feat_rows
D:5:      layout_basic, jmf_multi_god_temple2,
          mainiacjoe_overflow_surrounded_room, corexii_shack, uniq_eustachio
D:6:      layout_loops_ring
D:7:      layout_loops_corners, nicolae_overflow_squiral,
          roderic_serpentine_path, minmay_misc_feat_square
D:8:      layout_gridville, minmay_manual_mares, uniq_erica
D:9:      layout_loops_cross, serial_demonic, serial_demonic_d,
          serial_demonic_f, serial_demonic_b, serial_demonic_f,
          minmay_chambers_of_fives
Temple:   minmay_temple_bridge_d

Skill      XL: |  1  2  3  4  5  6  7  8  9 |
---------------+----------------------------+-----
Unarmed Combat | 3 4 5 6 8 |  8.1
Fighting       | 3 4 5 |  5.6
Dodging        | 3 4 5 |  5.7
Shapeshifting  | 4 5 6 7 |  7.2

Action                     |  1- 3 |  4- 6 |  7- 9 || total
---------------------------+-------+-------+-------++-------
  Melee: Unarmed           |    83 |    68 |   220 ||   371
         Constrict         |    27 |    21 |    61 ||   109
         Tentacles         |    15 |    17 |    53 ||    85
         Punch             |     2 |     3 |    10 ||    15
Ability: Lunge             |       |       |    30 ||    30
         Whirlwind         |       |       |     4 ||     4
    Use: Scroll            |       |       |     3 ||     3
         Potion            |       |       |     1 ||     1
   Stab: Sleeping          |     8 |     5 |    12 ||    25
 Armour: Skin              |     9 |     4 |     5 ||    18
  Dodge: Dodged            |    41 |    40 |   126 ||   207

Table legend: (Time is in decaauts)
 A = Elapsed time spent in this place.
 B = Non-inter-level travel time spent in this place.
 C = Inter-level travel time spent in this place.
 D = Time resting spent in this place.
 E = Time spent auto-exploring this place.
 F = Levels seen in this place.
 G = Mean time per level.
                   A        B        C        D        E       F      G
               +--------+--------+--------+--------+--------+-----+--------+
         Total |   6506 |   6170 |    336 |    894 |   4121 |  10 |  650.6 |
       Dungeon |   6343 |   6102 |    241 |    894 |   4062 |   9 |  704.8 |
        Temple |    162 |     67 |     95 |      0 |     59 |   1 |  162.0 |
               +--------+--------+--------+--------+--------+-----+--------+

Top non-repeatable levels by time:
     D:2: 1033 daAuts
     D:5: 1018 daAuts
     D:1: 1002 daAuts
     D:4: 993 daAuts
     D:7: 831 daAuts
     D:6: 773 daAuts
     D:3: 384 daAuts
     D:9: 228 daAuts
  Temple: 162 daAuts
     D:8: 77 daAuts
